[ AOE2 MATCH · #513612072 ]
UnrankedSpanish vs Mongols
Player's team · WIN
Rival team · LOSS
[ REPLAY ANALYSIS · EXTRACTED FROM THE RECORDED GAME ]
Feudal
12:19
Castle
21:57
Imperial
35:10
| APM avg | 62.5 |
| APM peak | 97 |
| eAPM avg | 29.8 |
| Villagers / military | 91 / 55 |
Focus
⚔️ 21.5% · 🌾 78.5%
Conquistador ×20 · Scout Cavalry ×16 · Monk ×7 · Battering Ram ×5 · Spearman ×3 · Trebuchet (Packed) ×3
Feudal
9:47
Castle
20:52
Imperial
35:51
| APM avg | 59.6 |
| APM peak | 102 |
| eAPM avg | 19.9 |
| Villagers / military | 81 / 41 |
Focus
⚔️ 36.2% · 🌾 63.8%
Mangudai ×15 · Monk ×13 · Skirmisher ×9 · Trebuchet (Packed) ×3 · Battering Ram ×1
Match map
Initial resources + every placement click. Lines = walls · curves = elevation contours. ◆ gold · ⬟ stone · ● berries · ✦ relic · ◌ wall gap
Your base· Open — unwalled flank
catorce's base· Open — unwalled flank
Smoothed initial terrain · ◌ = detected wall gap · hover for details
Inputs per minute
— Leon - - catorce
Build order — Leon
First 150 of 292 actions detected
| 0:01 | Queue | Villager (Male) |
| 0:01 | Queue | Villager (Male) |
| 0:02 | Build | House |
| 0:03 | Build | House |
| 0:05 | Build | House |
| 0:15 | Research | Loom |
| 0:34 | Queue | Villager (Male) |
| 0:34 | Queue | Villager (Male) |
| 0:36 | Queue | Villager (Male) |
| 0:36 | Queue | Villager (Male) |
| 1:45 | Queue | Villager (Male) |
| 1:45 | Queue | Villager (Male) |
| 2:15 | Queue | Villager (Male) |
| 2:16 | Queue | Villager (Male) |
| 2:35 | Queue | Villager (Male) |
| 2:35 | Queue | Villager (Male) |
| 3:15 | Build | Lumber Camp |
| 3:22 | Queue | Villager (Male) |
| 3:22 | Queue | Villager (Male) |
| 4:35 | Queue | Villager (Male) |
| 4:35 | Queue | Villager (Male) |
| 4:35 | Queue | Villager (Male) |
| 4:36 | Queue | Villager (Male) |
| 4:36 | Queue | Villager (Male) |
| 4:54 | Queue | Villager (Male) |
| 4:54 | Queue | Villager (Male) |
| 5:20 | Build | House |
| 5:23 | Build | Palisade Wall |
| 5:23 | Build | Palisade Wall |
| 5:46 | Build | Mill |
| 5:51 | Queue | Villager (Male) |
| 5:51 | Queue | Villager (Male) |
| 6:13 | Build | Palisade Wall |
| 6:35 | Build | Palisade Wall |
| 6:37 | Queue | Villager (Male) |
| 6:56 | Build | Palisade Wall |
| 7:06 | Build | Palisade Wall |
| 7:16 | Queue | Villager (Male) |
| 7:36 | Build | Mill |
| 7:37 | Queue | Villager (Male) |
| 8:02 | Build | Palisade Wall |
| 8:04 | Build | Palisade Wall |
| 8:09 | Build | Palisade Wall |
| 8:19 | Build | Palisade Wall |
| 8:23 | Build | House |
| 8:26 | Build | Palisade Wall |
| 8:37 | Build | Palisade Wall |
| 8:55 | Build | House |
| 8:59 | Build | Palisade Wall |
| 9:06 | Build | Palisade Wall |
| 9:12 | Build | House |
| 9:15 | Build | House |
| 9:18 | Queue | Villager (Male) |
| 9:34 | Build | Palisade Gate |
| 9:41 | Build | House |
| 10:09 | Research | Feudal Age |
| 10:09 | Research | Feudal Age |
| 10:16 | Build | Barracks |
| 10:24 | Build | Farm |
| 10:30 | Build | Farm |
| 10:30 | Build | Farm |
| 10:57 | Build | Farm |
| 10:59 | Build | Farm |
| 11:14 | Build | Palisade Wall |
| 11:26 | Build | Farm |
| 11:36 | Build | Farm |
| 11:51 | Build | Palisade Wall |
| 11:53 | Queue | Villager (Male) |
| 12:12 | Build | Farm |
| 12:17 | Build | Farm |
| 12:19 | Age | Feudal Age |
| 12:19 | Build | Farm |
| 12:22 | Queue | Spearman |
| 12:32 | Research | Double-Bit Axe |
| 12:32 | Research | Double-Bit Axe |
| 12:40 | Build | Farm |
| 12:57 | Build | Farm |
| 12:59 | Queue | Villager (Male) |
| 12:59 | Queue | Villager (Male) |
| 13:26 | Queue | Villager (Male) |
| 13:57 | Queue | Spearman |
| 14:20 | Queue | Villager (Male) |
| 14:46 | Build | Mining Camp |
| 14:51 | Queue | Villager (Male) |
| 14:58 | Queue | Villager (Male) |
| 15:23 | Queue | Spearman |
| 15:25 | Queue | Villager (Male) |
| 15:25 | Queue | Villager (Male) |
| 15:39 | Build | Palisade Wall |
| 16:14 | Queue | Villager (Male) |
| 16:14 | Queue | Villager (Male) |
| 16:40 | Build | House |
| 17:09 | Build | Market |
| 17:11 | Queue | Villager (Male) |
| 17:26 | Build | Farm |
| 17:45 | Build | Blacksmith |
| 17:54 | Queue | Villager (Male) |
| 18:00 | Build | Farm |
| 18:10 | Build | House |
| 18:11 | Build | House |
| 19:17 | Research | Castle Age |
| 19:17 | Research | Castle Age |
| 19:20 | Build | Mining Camp |
| 19:27 | Build | House |
| 19:30 | Build | House |
| 19:53 | Build | House |
| 20:14 | Research | Stone Mining |
| 20:14 | Research | Stone Mining |
| 20:17 | Research | Gold Mining |
| 20:26 | Build | House |
| 20:57 | Build | House |
| 21:03 | Build | House |
| 21:09 | Build | Palisade Wall |
| 21:20 | Queue | Villager (Male) |
| 21:24 | Build | House |
| 21:33 | Build | Farm |
| 21:44 | Build | House |
| 21:57 | Age | Castle Age |
| 22:01 | Queue | Villager (Male) |
| 22:11 | Build | Castle |
| 22:36 | Queue | Villager (Male) |
| 22:36 | Queue | Villager (Male) |
| 22:50 | Queue | Villager (Male) |
| 23:10 | Queue | Conquistador |
| 23:26 | Build | Town Center |
| 23:37 | Build | Town Center |
| 23:50 | Queue | Conquistador |
| 23:50 | Queue | Conquistador |
| 23:56 | Build | Farm |
| 24:17 | Queue | Conquistador |
| 24:21 | Research | Padded Archer Armor |
| 24:47 | Build | Monastery |
| 24:52 | Queue | Conquistador |
| 24:52 | Queue | Conquistador |
| 25:12 | Queue | Villager (Male) |
| 25:13 | Queue | Villager (Male) |
| 25:40 | Queue | Monk |
| 25:42 | Queue | Villager (Male) |
| 25:44 | Build | Farm |
| 25:45 | Build | Farm |
| 25:48 | Build | Farm |
| 25:56 | Build | Mining Camp |
| 26:01 | Queue | Conquistador |
| 26:24 | Queue | Conquistador |
| 27:12 | Queue | Conquistador |
| 27:20 | Queue | Monk |
| 27:22 | Queue | Conquistador |
| 27:24 | Queue | Villager (Male) |
| 27:27 | Build | Farm |
| 27:27 | Build | Farm |
Build order — catorce
First 150 of 243 actions detected
| 0:00 | Queue | Villager (Male) |
| 0:01 | Queue | Villager (Male) |
| 0:01 | Queue | Villager (Male) |
| 0:02 | Build | House |
| 0:04 | Build | House |
| 1:04 | Queue | Villager (Male) |
| 1:26 | Queue | Villager (Male) |
| 1:26 | Queue | Villager (Male) |
| 2:26 | Build | Lumber Camp |
| 2:30 | Queue | Villager (Male) |
| 2:55 | Queue | Villager (Male) |
| 2:58 | Research | Loom |
| 3:15 | Queue | Villager (Male) |
| 3:26 | Queue | Villager (Male) |
| 4:08 | Queue | Villager (Male) |
| 4:37 | Build | House |
| 4:39 | Queue | Villager (Male) |
| 5:06 | Queue | Villager (Male) |
| 5:19 | Queue | Villager (Male) |
| 5:32 | Queue | Villager (Male) |
| 6:15 | Build | Palisade Wall |
| 6:21 | Build | Palisade Wall |
| 6:24 | Queue | Villager (Male) |
| 6:57 | Queue | Villager (Male) |
| 6:59 | Build | House |
| 7:08 | Build | Mill |
| 7:13 | Build | Palisade Wall |
| 7:14 | Build | Palisade Wall |
| 7:37 | Research | Feudal Age |
| 7:37 | Research | Feudal Age |
| 8:27 | Build | Mining Camp |
| 9:06 | Queue | Villager (Male) |
| 9:27 | Queue | Villager (Male) |
| 9:47 | Age | Feudal Age |
| 9:49 | Queue | Villager (Male) |
| 9:51 | Research | Double-Bit Axe |
| 10:07 | Build | Watch Tower |
| 10:11 | Queue | Villager (Male) |
| 10:18 | Build | Farm |
| 10:19 | Build | Farm |
| 10:20 | Build | Farm |
| 10:21 | Build | Farm |
| 10:31 | Queue | Villager (Male) |
| 10:54 | Build | House |
| 11:29 | Queue | Villager (Male) |
| 11:39 | Queue | Villager (Male) |
| 11:51 | Build | Market |
| 12:11 | Build | Watch Tower |
| 12:18 | Queue | Villager (Male) |
| 12:56 | Queue | Villager (Male) |
| 13:14 | Build | Farm |
| 13:15 | Queue | Villager (Male) |
| 13:38 | Build | Watch Tower |
| 13:43 | Build | House |
| 13:48 | Build | House |
| 13:52 | Build | House |
| 14:06 | Build | Stone Wall |
| 14:08 | Build | Stone Wall |
| 14:21 | Build | Farm |
| 14:21 | Build | Farm |
| 14:39 | Queue | Villager (Male) |
| 14:48 | Build | House |
| 15:08 | Build | Watch Tower |
| 15:13 | Queue | Villager (Male) |
| 15:19 | Build | Farm |
| 15:43 | Queue | Villager (Male) |
| 15:59 | Queue | Villager (Male) |
| 16:14 | Build | Watch Tower |
| 16:20 | Build | Farm |
| 16:23 | Build | Farm |
| 16:28 | Build | House |
| 17:17 | Queue | Villager (Male) |
| 17:36 | Queue | Villager (Male) |
| 17:53 | Build | Blacksmith |
| 18:12 | Research | Castle Age |
| 18:27 | Build | Outpost |
| 18:49 | Build | Mining Camp |
| 19:44 | Build | Mining Camp |
| 20:36 | Queue | Villager (Male) |
| 20:52 | Age | Castle Age |
| 20:58 | Research | Fletching |
| 21:20 | Queue | Villager (Male) |
| 21:43 | Research | Bodkin Arrow |
| 21:43 | Queue | Villager (Male) |
| 21:46 | Build | House |
| 21:49 | Build | Siege Workshop |
| 21:51 | Queue | Villager (Male) |
| 22:33 | Build | Castle |
| 22:35 | Queue | Villager (Male) |
| 23:08 | Build | Mill |
| 23:18 | Build | Mining Camp |
| 23:20 | Queue | Villager (Male) |
| 23:30 | Build | Monastery |
| 23:46 | Build | House |
| 23:52 | Build | Watch Tower |
| 23:56 | Queue | Villager (Male) |
| 24:06 | Queue | Villager (Male) |
| 24:08 | Build | Monastery |
| 24:14 | Build | Mining Camp |
| 24:15 | Queue | Villager (Male) |
| 24:19 | Build | Lumber Camp |
| 24:31 | Queue | Monk |
| 24:59 | Queue | Monk |
| 25:00 | Queue | Villager (Male) |
| 25:15 | Build | House |
| 25:20 | Build | House |
| 25:23 | Build | House |
| 25:29 | Build | House |
| 25:30 | Build | House |
| 25:35 | Queue | Monk |
| 25:36 | Queue | Villager (Male) |
| 25:46 | Queue | Villager (Male) |
| 25:54 | Build | University |
| 26:06 | Queue | Villager (Male) |
| 26:10 | Queue | Monk |
| 26:30 | Queue | Monk |
| 26:56 | Queue | Villager (Male) |
| 26:56 | Queue | Monk |
| 27:14 | Queue | Villager (Male) |
| 27:26 | Queue | Villager (Male) |
| 27:40 | Build | Farm |
| 27:55 | Build | Farm |
| 27:56 | Build | Farm |
| 27:57 | Queue | Villager (Male) |
| 28:21 | Build | Farm |
| 28:22 | Build | Farm |
| 28:47 | Research | Guard Tower (upgrade) |
| 28:52 | Queue | Villager (Male) |
| 28:54 | Research | Ballistics |
| 28:57 | Queue | Monk |
| 29:00 | Queue | Villager (Male) |
| 29:03 | Build | Watch Tower |
| 29:33 | Queue | Monk |
| 29:33 | Queue | Villager (Male) |
| 29:41 | Queue | Villager (Male) |
| 29:52 | Build | Watch Tower |
| 29:53 | Queue | Villager (Male) |
| 30:05 | Queue | Villager (Male) |
| 30:25 | Queue | Villager (Male) |
| 30:31 | Build | House |
| 30:33 | Queue | Villager (Male) |
| 30:48 | Build | Watch Tower |
| 31:05 | Queue | Villager (Male) |
| 31:05 | Queue | Villager (Male) |
| 31:12 | Queue | Villager (Male) |
| 31:23 | Build | Watch Tower |
| 31:43 | Build | Farm |
| 31:43 | Build | Farm |
| 31:43 | Build | Farm |
| 31:43 | Build | Farm |
Match timeline
| 5:23 | Leon · wall_segment Palisade Wall x1 |
| 5:23 | Leon · wall_segment Palisade Wall x1 |
| 6:13 | Leon · wall_segment Palisade Wall x2 |
| 6:15 | catorce · wall_segment Palisade Wall x5 |
| 6:21 | catorce · wall_segment Palisade Wall x4 |
| 6:35 | Leon · wall_segment Palisade Wall x3 |
| 6:56 | Leon · wall_segment Palisade Wall x4 |
| 7:06 | Leon · wall_segment Palisade Wall x5 |
| 7:13 | catorce · wall_segment Palisade Wall x2 |
| 7:14 | catorce · wall_segment Palisade Wall x2 |
| 8:02 | Leon · wall_segment Palisade Wall x1 |
| 8:04 | Leon · wall_segment Palisade Wall x1 |
| 8:09 | Leon · wall_segment Palisade Wall x2 |
| 8:19 | Leon · wall_segment Palisade Wall x1 |
| 8:26 | Leon · wall_segment Palisade Wall x1 |
| 8:37 | Leon · wall_segment Palisade Wall x1 |
| 8:59 | Leon · wall_segment Palisade Wall x1 |
| 9:06 | Leon · wall_segment Palisade Wall x1 |
| 9:47 | catorce · age_up feudal |
| 10:16 | Leon · first_building Barracks |
| 11:14 | Leon · wall_segment Palisade Wall x4 |
| 11:51 | Leon · wall_segment Palisade Wall x5 |
| 12:19 | Leon · age_up feudal |
| 13:19 | catorce · first_market_sell 100 wood |
| 14:06 | catorce · wall_segment Stone Wall x1 |
| 14:08 | catorce · wall_segment Stone Wall x1 |
| 15:39 | Leon · wall_segment Palisade Wall x8 |
| 16:47 | catorce · first_market_buy 100 food |
| 18:29 | Leon · first_market_buy 100 food |
| 18:37 | Leon · first_market_sell 100 wood |
| 20:52 | catorce · age_up castle |
| 21:09 | Leon · wall_segment Palisade Wall x1 |
| 21:49 | catorce · first_building Siege Workshop |
| 21:57 | Leon · age_up castle |
| 22:11 | Leon · first_building Castle |
| 22:33 | catorce · first_building Castle |
| 23:30 | catorce · first_building Monastery |
| 24:47 | Leon · first_building Monastery |
| 29:56 | Leon · first_building Stable |
| 30:01 | Leon · first_building Siege Workshop |
| 33:36 | catorce · first_building Barracks |
| 34:33 | catorce · first_building Stable |
| 35:10 | Leon · age_up imperial |
| 35:51 | catorce · age_up imperial |
| 43:53 | catorce · first_building Archery Range |
| 48:02 | catorce · resign |
[ AI ANALYSIS · 1 CREDIT ]
What really happened in this match?
Wolo.gg analyzes every decision: build order, eco, micro, common mistakes by bracket. Personalized analysis on WhatsApp or Discord in 30 seconds.
Civ guide
Spanish
Perfil
Jugador #4674295